[Event "WJCC U20 Girls 2019"]
[Site "New Delhi"]
[Date "2019.10.15"]
[Round "1.17"]
[White "Solozhenkina, Elizaveta"]
[Black "Meghna, C H"]
[Result "1-0"]
[ECO "C06"]
[WhiteElo "2283"]
[BlackElo "1956"]
[Annotator "NA"]
[PlyCount "73"]
[EventDate "2019.10.15"]
[EventType "swiss"]
[EventCountry "IND"]
[SourceTitle "playchess.com"]
[Source "ChessBase"]
[SourceQuality "1"]
[TimeControl "40/5400+30:1800+30"]

1. e4 e6 2. d4 d5 3. Nd2 Nf6 4. e5 Nfd7 5. Bd3 c5 6. c3 Nc6 7. Ne2 cxd4 8. cxd4 f6 9. exf6 Nxf6 10. O-O Bd6 11. Nf3 Qc7 12. Bg5 O-O 13. Qc2 h6 14. Bh4 Nh5 15. Bh7+ Kh8 16. Bg6 Rxf3 17. Bxh5 Bxh2+ 18. Kh1 Rf5 19. Bg4 Bd6 20. Bxf5 exf5 21. Rae1 Qf7 22. Bg3 Bb4 23. Rd1 g5 24. a3 Bf8 25. Be5+ Nxe5 26. dxe5 f4 27. Nd4 Bg4 28. Rd3 Bg7 29. Re1 Re8 30. e6 Qg6 31. Qd2 Bxd4 32. Rxd4 Bxe6 33. Qb4 f3 34. gxf3 Qh5+ 35. Kg1 Qxf3 36. Re3 Qf7 37. Qd6 1-0

[Event "WJCC U20 Girls 2019"]
[Site "New Delhi"]
[Date "2019.10.15"]
[Round "1.18"]
[White "Savitha Shri B"]
[Black "Vantika Agrawal"]
[Result "1/2-1/2"]
[ECO "B30"]
[WhiteElo "1916"]
[BlackElo "2283"]
[Annotator "NA"]
[PlyCount "104"]
[EventDate "2019.10.15"]
[EventType "swiss"]
[EventCountry "IND"]
[SourceTitle "playchess.com"]
[Source "ChessBase"]
[SourceQuality "1"]
[TimeControl "40/5400+30:1800+30"]

1. e4 c5 2. Nf3 Nc6 3. Nc3 e5 4. Bc4 d6 5. d3 Be7 6. O-O Nf6 7. a4 O-O 8. h3 a6 9. Bg5 Rb8 10. Qd2 Be6 11. Bxf6 Bxf6 12. Nd5 h6 13. c3 b5 14. axb5 axb5 15. Bb3 Bxd5 16. Bxd5 Ne7 17. Ba2 d5 18. Qe2 Qd6 19. exd5 Nxd5 20. Bxd5 Qxd5 21. Rfe1 Rfe8 22. Qe4 Qd7 23. Nh2 g6 24. Ra6 Bg7 25. Qe3 c4 26. Rd1 Red8 27. Ng4 cxd3 28. Nxe5 Bxe5 29. Qxe5 d2 30. Qe3 Qd5 31. Rf6 b4 32. Rf4 bxc3 33. bxc3 Qa2 34. Rb4 Rxb4 35. cxb4 Qc4 36. b5 Qc2 37. Qe2 Qb2 38. b6 h5 39. b7 Qxb7 40. Rxd2 Rc8 41. Rd1 Qb3 42. Qd3 Qb2 43. Qd4 Qe2 44. Qd3 Qxd3 45. Rxd3 Rc4 46. g3 h4 47. Kg2 Kg7 48. Rd7 g5 49. g4 Rf4 50. Ra7 Rb4 51. Rc7 Rb5 52. Ra7 Kf6 1/2-1/2

[Event "WJCC U20 Girls 2019"]
[Site "New Delhi"]
[Date "2019.10.15"]
[Round "1.19"]
[White "Yakubbaeva, Nilufar"]
[Black "Srimathi R"]
[Result "1-0"]
[ECO "E19"]
[WhiteElo "2281"]
[BlackElo "1914"]
[Annotator "NA"]
[PlyCount "67"]
[EventDate "2019.10.15"]
[EventType "swiss"]
[EventCountry "IND"]
[SourceTitle "playchess.com"]
[Source "ChessBase"]
[SourceQuality "1"]
[TimeControl "40/5400+30:1800+30"]

1. d4 Nf6 2. Nf3 e6 3. c4 b6 4. g3 Bb7 5. Bg2 Be7 6. O-O O-O 7. Nc3 Ne4 8. Qc2 Nxc3 9. Qxc3 d5 10. Bf4 Bd6 11. Ne5 f6 12. Nd3 f5 13. Rac1 c6 14. f3 Na6 15. b4 Rc8 16. c5 Bc7 17. a4 Nb8 18. Rfe1 g5 19. Be5 Nd7 20. Bxc7 Qxc7 21. e4 Ba6 22. exd5 exd5 23. b5 Bb7 24. Re7 Qd8 25. Rce1 Rf7 26. Rxf7 Kxf7 27. Bh3 Kf6 28. Ne5 Nxe5 29. Rxe5 h6 30. Qd3 Kg7 31. Qxf5 cxb5 32. Re6 Qf8 33. Qe5+ Kg8 34. Bf5 1-0

[Event "WJCC U20 Girls 2019"]
[Site "New Delhi"]
[Date "2019.10.15"]
[Round "1.21"]
[White "Arpita, Mukherjee"]
[Black "Mungunzul, Bat-Erdene"]
[Result "1-0"]
[ECO "C77"]
[WhiteElo "2271"]
[BlackElo "1912"]
[Annotator "NA"]
[PlyCount "89"]
[EventDate "2019.10.15"]
[EventType "swiss"]
[EventCountry "IND"]
[SourceTitle "playchess.com"]
[Source "ChessBase"]
[SourceQuality "1"]
[TimeControl "40/5400+30:1800+30"]

1. e4 e5 2. Nf3 Nc6 3. Bb5 a6 4. Ba4 Nf6 5. d3 b5 6. Bb3 Bc5 7. c3 d6 8. O-O h6 9. Nbd2 O-O 10. Re1 Bb6 11. Nf1 Ne7 12. Ng3 c5 13. a4 Rb8 14. Nh4 Bg4 15. Qc2 Qd7 16. Be3 g5 17. Nf3 Bxf3 18. gxf3 Qh3 19. Qe2 Ng6 20. Qf1 Qxf1+ 21. Kxf1 Nh4 22. a5 Bc7 23. Bd1 Ne8 24. b4 cxb4 25. cxb4 Ra8 26. Ke2 Bb8 27. Bb3 Nf6 28. Rec1 Rd8 29. Rc6 Kf8 30. Rac1 Ke7 31. Bb6 Ba7 32. Bxd8+ Rxd8 33. Rxa6 Rd7 34. h3 Ne8 35. Rc8 Bd4 36. Raa8 Ng7 37. a6 Ng6 38. Rab8 Nf4+ 39. Kd2 Bxf2 40. Rb7 Nxh3 41. Rcc7 Rxc7 42. Rxc7+ Kf6 43. Rxf7+ Kg6 44. d4 Bxd4 45. Rxg7+ 1-0

[Event "WJCC U20 Girls 2019"]
[Site "New Delhi"]
[Date "2019.10.15"]
[Round "1.23"]
[White "Protopopova, Anastasiya"]
[Black "Ananya, Suresh"]
[Result "1-0"]
[ECO "E73"]
[WhiteElo "2263"]
[BlackElo "1896"]
[Annotator "NA"]
[PlyCount "79"]
[EventDate "2019.10.15"]
[EventType "swiss"]
[EventCountry "IND"]
[SourceTitle "playchess.com"]
[Source "ChessBase"]
[SourceQuality "1"]
[TimeControl "40/5400+30:1800+30"]

1. d4 Nf6 2. c4 g6 3. Nc3 Bg7 4. e4 d6 5. Be2 O-O 6. Bg5 Nbd7 7. Qd2 c5 8. d5 a6 9. Nf3 Rb8 10. a4 b6 11. h3 Re8 12. O-O Nf8 13. e5 dxe5 14. Nxe5 Ne4 15. Qf4 Nxg5 16. Nc6 Nxh3+ 17. gxh3 Qd6 18. Qxd6 exd6 19. Nxb8 Bxc3 20. bxc3 Bxh3 21. Nxa6 Rxe2 22. Rfe1 Bg4 23. Nc7 Nd7 24. Nb5 Rxe1+ 25. Rxe1 Ne5 26. Re3 Nxc4 27. Re4 Ne5 28. Nxd6 f6 29. f4 Nd3 30. Re8+ Kg7 31. Re7+ Kh6 32. Nf7+ Kh5 33. Ne5 Nxf4 34. Rxh7+ Kg5 35. Nxg4 Nxd5 36. c4 Nc3 37. Ne3 Nxa4 38. Nd1 b5 39. cxb5 c4 40. Rc7 1-0

[Event "WJCC U20 Girls 2019"]
[Site "New Delhi"]
[Date "2019.10.15"]
[Round "1.24"]
[White "Levitan, Ronit"]
[Black "Priyanka Nutakki"]
[Result "0-1"]
[ECO "C07"]
[WhiteElo "1893"]
[BlackElo "2248"]
[Annotator "NA"]
[PlyCount "47"]
[EventDate "2019.10.15"]
[EventType "swiss"]
[EventCountry "IND"]
[SourceTitle "playchess.com"]
[Source "ChessBase"]
[SourceQuality "1"]
[TimeControl "40/5400+30:1800+30"]

1. e4 e6 2. d4 d5 3. Nd2 c5 4. exd5 Qxd5 5. Ngf3 cxd4 6. Bc4 Qd6 7. O-O Nc6 8. Nb3 a6 9. Nbxd4 Nxd4 10. Nxd4 Qc7 11. Bb3 Bd6 12. Nf3 Ne7 13. c3 Bd7 14. Re1 O-O-O 15. Qe2 Ng6 16. Bc2 Bb5 17. Qe4 Bc6 18. Qe2 Bxf3 19. Qxf3 Bxh2+ 20. Kh1 Bf4 21. Be4 Bxc1 22. Raxc1 Rd2 23. Rc2 Rhd8 24. b4 0-1

[Event "WJCC U20 Girls 2019"]
[Site "New Delhi"]
[Date "2019.10.15"]
[Round "1.25"]
[White "Alinasab, Mobina"]
[Black "Fretel, Liza"]
[Result "1-0"]
[ECO "B56"]
[WhiteElo "2239"]
[BlackElo "1877"]
[Annotator "NA"]
[PlyCount "89"]
[EventDate "2019.10.15"]
[EventType "swiss"]
[EventCountry "IND"]
[SourceTitle "playchess.com"]
[Source "ChessBase"]
[SourceQuality "1"]
[TimeControl "40/5400+30:1800+30"]

1. e4 c5 2. Nf3 Nc6 3. Nc3 d6 4. d4 cxd4 5. Nxd4 Nf6 6. g3 g6 7. Bg2 Nxd4 8. Qxd4 Bg7 9. O-O O-O 10. Qd3 Nd7 11. f4 Nc5 12. Qe3 Bd7 13. e5 Ne6 14. Bxb7 dxe5 15. fxe5 Bxe5 16. Rd1 Bc7 17. Qe2 Rb8 18. Bg2 Qc8 19. Nd5 Bd6 20. c4 Re8 21. b3 a5 22. Be3 Bc5 23. Kh1 Bxe3 24. Qxe3 Qc5 25. Qc3 Nf8 26. a3 Bg4 27. b4 Qc8 28. Re1 Be6 29. c5 Bxd5 30. Bxd5 e6 31. Bg2 Qc7 32. bxa5 Rb5 33. c6 Rxa5 34. Reb1 Ra7 35. Qf6 e5 36. Be4 Ne6 37. Rb5 Nd8 38. Rd1 Rxa3 39. Rd7 Qc8 40. Bd5 Rf8 41. Rbb7 Ne6 42. Qxe6 Qxb7 43. Qxf7+ Rxf7 44. Bxf7+ Kg7 45. cxb7 1-0

[Event "WJCC U20 Girls 2019"]
[Site "New Delhi"]
[Date "2019.10.15"]
[Round "1.27"]
[White "Diakonova, Ekaterina"]
[Black "Ghosh Samriddhaa"]
[Result "*"]
[ECO "C12"]
[WhiteElo "2231"]
[BlackElo "1867"]
[Annotator "NA"]
[PlyCount "85"]
[EventDate "2019.10.15"]
[EventType "swiss"]
[EventCountry "IND"]
[SourceTitle "playchess.com"]
[Source "ChessBase"]
[SourceQuality "1"]
[TimeControl "40/5400+30:1800+30"]

1. e4 e6 2. d4 d5 3. Nc3 Nf6 4. Bg5 Bb4 5. e5 h6 6. Bd2 Bxc3 7. Bxc3 Ne4 8. Ne2 O-O 9. Bb4 c5 10. Ba3 b5 11. dxc5 Nc6 12. Nd4 Qh4 13. g3 Nxg3 14. hxg3 Qe4+ 15. Qe2 Qxd4 16. c3 Qa4 17. Rh4 Qa5 18. Qxb5 Qxb5 19. Bxb5 Nxe5 20. Ra4 f5 21. c6 Rf7 22. Bd6 Ng4 23. c4 dxc4 24. Bxc4 Nf6 25. O-O-O Ne4 26. f3 Nxd6 27. Rxd6 Rc7 28. b4 Kf7 29. b5 Ke7 30. Rd3 Rb8 31. Rb3 Kd6 32. f4 g5 33. Kc2 Rg7 34. Rba3 gxf4 35. gxf4 a6 36. Rd3+ Kc5 37. bxa6 Kxc6 38. Rd8 Kc7 39. Rh8 Rg2+ 40. Kc3 Rf2 41. a7 Rf3+ 42. Bd3 Ra8 43. Rc4+ *

[Event "WJCC U20 Girls 2019"]
[Site "New Delhi"]
[Date "2019.10.15"]
[Round "1.29"]
[White "Mrudul Dehankar"]
[Black "Muratova, Saltanat"]
[Result "1-0"]
[ECO "B33"]
[WhiteElo "2227"]
[BlackElo "1855"]
[Annotator "NA"]
[PlyCount "31"]
[EventDate "2019.10.15"]
[EventType "swiss"]
[EventCountry "IND"]
[SourceTitle "playchess.com"]
[Source "ChessBase"]
[SourceQuality "1"]
[TimeControl "40/5400+30:1800+30"]

1. e4 c5 2. Nf3 Nc6 3. d4 cxd4 4. Nxd4 Nf6 5. Nc3 e6 6. Ndb5 a6 7. Nd6+ Bxd6 8. Qxd6 Qa5 9. Bd3 h6 10. O-O b5 11. Re1 b4 12. Nd5 Nxd5 13. exd5 Ne7 14. Be4 Qb5 15. dxe6 Rb8 16. exd7+ 1-0

[Event "WJCC U20 Girls 2019"]
[Site "New Delhi"]
[Date "2019.10.15"]
[Round "1.30"]
[White "Aouachria, Marwa"]
[Black "Kiolbasa, Oliwia"]
[Result "0-1"]
[ECO "C60"]
[WhiteElo "1839"]
[BlackElo "2223"]
[Annotator "NA"]
[PlyCount "52"]
[EventDate "2019.10.15"]
[EventType "swiss"]
[EventCountry "IND"]
[SourceTitle "playchess.com"]
[Source "ChessBase"]
[SourceQuality "1"]
[TimeControl "40/5400+30:1800+30"]

1. e4 e5 2. Nf3 Nc6 3. Bb5 Nge7 4. d4 exd4 5. Nxd4 Nxd4 6. Qxd4 a6 7. Bc4 b5 8. Bb3 d6 9. c4 c5 10. Qd3 Rb8 11. Nc3 Nc6 12. cxb5 Ne5 13. Qe2 axb5 14. Nxb5 Qa5+ 15. Nc3 Rxb3 16. axb3 Qxa1 17. O-O Ba6 18. Nb5 Qa5 19. Nc7+ Qxc7 20. Qxa6 Be7 21. f4 Nc6 22. Qa8+ Bd8 23. e5 O-O 24. exd6 Qxd6 25. Be3 Bf6 26. Qa3 Bd4 {[%emt 0:00:23] Bc1 Qe5+} 0-1

[Event "WJCC U20 Girls 2019"]
[Site "New Delhi"]
[Date "2019.10.15"]
[Round "1.31"]
[White "Olde, Margareth"]
[Black "Rindhiya V"]
[Result "1-0"]
[ECO "A90"]
[WhiteElo "2205"]
[BlackElo "1817"]
[Annotator "NA"]
[PlyCount "91"]
[EventDate "2019.10.15"]
[EventType "swiss"]
[EventCountry "IND"]
[SourceTitle "playchess.com"]
[Source "ChessBase"]
[SourceQuality "1"]
[TimeControl "40/5400+30:1800+30"]

1. d4 f5 2. c4 Nf6 3. g3 e6 4. Bg2 c6 5. Nf3 d5 6. O-O Bd6 7. b3 Qe7 8. Bb2 O-O 9. Ne5 b6 10. Qc2 Bb7 11. Nd2 Nbd7 12. Rac1 Rac8 13. e3 Ne4 14. Ndf3 Ndf6 15. Ne1 c5 16. f3 Ng5 17. Qf2 Nf7 18. N1d3 Rfd8 19. Rfe1 Nd7 20. cxd5 exd5 21. Bh3 g6 22. Nxd7 Qxd7 23. Ne5 Qe7 24. f4 b5 25. g4 fxg4 26. Bxg4 Rc7 27. Nxf7 Qxf7 28. dxc5 Bxc5 29. Qd2 h5 30. Rxc5 Rxc5 31. Qd4 Kh7 32. Qxc5 hxg4 33. Qxb5 a6 34. Qe2 Qf5 35. Qf2 Re8 36. Bd4 Qh5 37. Rc1 Rc8 38. Rxc8 Bxc8 39. Qc2 Qf5 40. Qc7+ Bd7 41. Qd8 Qb1+ 42. Kg2 Qe4+ 43. Kf2 Qf3+ 44. Ke1 Qh1+ 45. Kd2 Qxh2+ 46. Kc3 1-0

[Event "WJCC U20 Girls 2019"]
[Site "New Delhi"]
[Date "2019.10.15"]
[Round "1.32"]
[White "Bhagyashree Patil"]
[Black "Ulziikhishigjargal, Ochirkhuyag"]
[Result "1-0"]
[ECO "C54"]
[WhiteElo "1802"]
[BlackElo "2194"]
[Annotator "NA"]
[PlyCount "98"]
[EventDate "2019.10.15"]
[EventType "swiss"]
[EventCountry "IND"]
[SourceTitle "playchess.com"]
[Source "ChessBase"]
[SourceQuality "1"]
[TimeControl "40/5400+30:1800+30"]

1. e4 e5 2. Nf3 Nc6 3. Bc4 Bc5 4. c3 Nf6 5. d3 d6 6. O-O a6 7. Bb3 Ba7 8. Nbd2 O-O 9. h3 h6 10. Re1 Be6 11. Nf1 Nh5 12. Be3 Nf4 13. d4 Bxb3 14. axb3 Ng6 15. Ng3 Re8 16. b4 Nh4 17. d5 Nxf3+ 18. Qxf3 Ne7 19. Nh5 Bxe3 20. Rxe3 Ng6 21. c4 Qg5 22. Qg4 Qxg4 23. hxg4 Nf8 24. Rea3 Rab8 25. Ng3 g6 26. Nf1 Nd7 27. Ne3 Kf8 28. Kf1 Ke7 29. Ke2 Rh8 30. Rh1 Nf6 31. f3 h5 32. gxh5 Nxh5 33. Kf2 Nf6 34. Rc1 Nd7 35. c5 Rhc8 36. Nc4 dxc5 37. bxc5 Nxc5 38. Nxe5 Nd7 39. Nxd7 Kxd7 40. Ke3 Rh8 41. Rac3 Rbc8 42. Rb3 b6 43. Rbc3 Rh2 44. Kf2 Rhh8 45. Rc6 a5 46. Ke3 Rhg8 47. f4 Rge8 48. R1c2 Rh8 49. e5 Rhe8 1-0

[Event "WJCC U20 Girls 2019"]
[Site "New Delhi"]
[Date "2019.10.15"]
[Round "1.33"]
[White "Aakanksha Hagawane"]
[Black "Noshin, Anjum"]
[Result "1-0"]
[ECO "C28"]
[WhiteElo "2181"]
[BlackElo "1793"]
[Annotator "NA"]
[PlyCount "51"]
[EventDate "2019.10.15"]
[EventType "swiss"]
[EventCountry "IND"]
[SourceTitle "playchess.com"]
[Source "ChessBase"]
[SourceQuality "1"]
[TimeControl "40/5400+30:1800+30"]

1. e4 e5 2. Bc4 Nc6 3. Nc3 Nf6 4. d3 Bc5 5. f4 exf4 6. Bxf4 d6 7. Nf3 Bg4 8. Qd2 Nd4 9. Nxd4 Bxd4 10. h3 Bd7 11. O-O-O Bc6 12. Rhf1 Qe7 13. g4 h6 14. Ne2 Bb6 15. Ng3 O-O-O 16. Nf5 Qd7 17. Nxg7 d5 18. exd5 Nxd5 19. Kb1 Rh7 20. Nh5 Qe7 21. Bxh6 Rd6 22. Bg5 f6 23. Bxd5 fxg5 24. Bxc6 Rxc6 25. Rde1 Qc5 26. Rf5 1-0

[Event "WJCC U20 Girls 2019"]
[Site "New Delhi"]
[Date "2019.10.15"]
[Round "1.34"]
[White "Jayaweera, Sayuni Gihansa"]
[Black "Pychova, Nela"]
[Result "0-1"]
[ECO "E16"]
[WhiteElo "1788"]
[BlackElo "2178"]
[Annotator "NA"]
[PlyCount "108"]
[EventDate "2019.10.15"]
[EventType "swiss"]
[EventCountry "IND"]
[SourceTitle "playchess.com"]
[Source "ChessBase"]
[SourceQuality "1"]
[TimeControl "40/5400+30:1800+30"]

1. d4 Nf6 2. c4 e6 3. Nf3 Bb4+ 4. Bd2 Qe7 5. g3 Nc6 6. Nc3 Bxc3 7. Bxc3 Ne4 8. Rc1 d5 9. Bg2 O-O 10. O-O Rd8 11. c5 a5 12. Qd3 Bd7 13. Rfe1 Qf6 14. Qe3 Be8 15. Ne5 Nxc3 16. Rxc3 Nxe5 17. Qxe5 Qxe5 18. dxe5 a4 19. e3 Ra5 20. f4 Kf8 21. Rd1 Ke7 22. e4 d4 23. Rc4 d3 24. Rd2 Bb5 25. Rc3 Kd7 26. Kf2 Kc6 27. Bf1 Ba6 28. Bxd3 Bxd3 29. Rdxd3 Rxd3 30. Rxd3 Rxc5 31. Rd2 a3 32. b3 Rc1 33. Ke3 Rb1 34. Rc2+ Kb6 35. Kd3 Rd1+ 36. Ke2 Rb1 37. Kd3 c5 38. Kc3 Kc6 39. Rd2 Rc1+ 40. Rc2 Rb1 41. Rd2 Ra1 42. b4 Rc1+ 43. Kb3 Rb1+ 44. Kxa3 Rxb4 45. Re2 Rb1 46. f5 c4 47. fxe6 fxe6 48. Rd2 Kc5 49. Rd7 b5 50. Rxg7 c3 51. Rxh7 Kb6 52. Re7 c2 53. Rxe6+ Ka5 54. Rc6 b4# 0-1

[Event "WJCC U20 Girls 2019"]
[Site "New Delhi"]
[Date "2019.10.15"]
[Round "1.35"]
[White "Cervantes Landeiro, Thalia"]
[Black "Figueroa Bernal, Julia Dennis"]
[Result "1-0"]
[ECO "E11"]
[WhiteElo "2176"]
[BlackElo "1777"]
[Annotator "NA"]
[PlyCount "49"]
[EventDate "2019.10.15"]
[EventType "swiss"]
[EventCountry "IND"]
[SourceTitle "playchess.com"]
[Source "ChessBase"]
[SourceQuality "1"]
[TimeControl "40/5400+30:1800+30"]

1. d4 e6 2. c4 Nf6 3. Nf3 Bb4+ 4. Nbd2 b6 5. a3 Bxd2+ 6. Qxd2 Ne4 7. Qc2 Bb7 8. e3 d6 9. Be2 Nd7 10. O-O O-O 11. b4 f5 12. d5 e5 13. Nd2 Nxd2 14. Bxd2 e4 15. f3 Nf6 16. Bc3 exf3 17. Rxf3 Qe7 18. Raf1 Ng4 19. e4 Rae8 20. h3 Nf6 21. e5 Ne4 22. e6 Nxc3 23. Qxc3 g6 24. g4 fxg4 25. Rf7 1-0

[Event "WJCC U20 Girls 2019"]
[Site "New Delhi"]
[Date "2019.10.15"]
[Round "1.36"]
[White "Potluri Supreetha"]
[Black "Chitlange Sakshi"]
[Result "1-0"]
[ECO "E06"]
[WhiteElo "1767"]
[BlackElo "2175"]
[Annotator "NA"]
[PlyCount "85"]
[EventDate "2019.10.15"]
[EventType "swiss"]
[EventCountry "IND"]
[SourceTitle "playchess.com"]
[Source "ChessBase"]
[SourceQuality "1"]
[TimeControl "40/5400+30:1800+30"]

1. d4 d5 2. Nf3 Nf6 3. c4 e6 4. g3 Be7 5. Bg2 O-O 6. O-O c6 7. Qc2 b6 8. Nbd2 Bb7 9. Rd1 Na6 10. e4 Rc8 11. e5 Nd7 12. a3 c5 13. dxc5 Naxc5 14. b4 Na6 15. Qd3 Qc7 16. cxd5 Nxe5 17. Nxe5 Qxe5 18. Rb1 exd5 19. Bb2 Qd6 20. Nb3 Nc7 21. Nd4 g6 22. Qc3 f6 23. Bh3 Rce8 24. Rbc1 Bd8 25. b5 Rf7 26. a4 Qf8 27. Ba3 Be7 28. Bxe7 Rfxe7 29. Nc6 Bxc6 30. bxc6 f5 31. a5 b5 32. Bg2 Rd8 33. Qc5 Qe8 34. Qxa7 d4 35. Qc5 Re5 36. Qb4 Ne6 37. c7 Rc8 38. Qd6 Re2 39. Re1 Rxe1+ 40. Rxe1 Rxc7 41. Rxe6 Qc8 42. Bc6 Kf7 43. Re8 1-0

[Event "WJCC U20 Girls 2019"]
[Site "New Delhi"]
[Date "2019.10.15"]
[Round "1.38"]
[White "Shivika Rohilla"]
[Black "Sapale Saloni"]
[Result "0-1"]
[ECO "C05"]
[WhiteElo "1721"]
[BlackElo "2142"]
[Annotator "NA"]
[PlyCount "48"]
[EventDate "2019.10.15"]
[EventType "swiss"]
[EventCountry "IND"]
[SourceTitle "playchess.com"]
[Source "ChessBase"]
[SourceQuality "1"]
[TimeControl "40/5400+30:1800+30"]

1. e4 e6 2. d4 d5 3. Nd2 Nf6 4. e5 Nfd7 5. Bd3 c5 6. c3 Nc6 7. Ngf3 cxd4 8. cxd4 f6 9. Ng5 fxg5 10. Qh5+ g6 11. Bxg6+ hxg6 12. Qxg6+ Ke7 13. Nf3 Ndxe5 14. dxe5 Kd7 15. Nxg5 Bb4+ 16. Kf1 Qe7 17. Nf3 b6 18. a3 Ba6+ 19. Kg1 Rag8 20. Qc2 Nd4 21. Nxd4 Rxg2+ 22. Kxg2 Qg7+ 23. Kf3 Rh3+ 24. Kf4 Qh6+ 0-1

[Event "WJCC U20 Girls 2019"]
[Site "New Delhi"]
[Date "2019.10.15"]
[Round "1.39"]
[White "Nilssen, Ellen Fredericia"]
[Black "Rathi Dhanashree"]
[Result "1-0"]
[ECO "D55"]
[WhiteElo "2137"]
[BlackElo "1692"]
[Annotator "NA"]
[PlyCount "65"]
[EventDate "2019.10.15"]
[EventType "swiss"]
[EventCountry "IND"]
[SourceTitle "playchess.com"]
[Source "ChessBase"]
[SourceQuality "1"]
[TimeControl "40/5400+30:1800+30"]

1. d4 d5 2. c4 e6 3. Nf3 Nf6 4. Nc3 Be7 5. Bg5 O-O 6. e3 c6 7. Qc2 Nbd7 8. cxd5 exd5 9. Bd3 Re8 10. h3 Nf8 11. O-O g6 12. Bxf6 Bxf6 13. b4 Qd6 14. b5 Bd7 15. bxc6 bxc6 16. Na4 Ne6 17. Rac1 Qa3 18. Nd2 Rab8 19. Nb1 Qd6 20. Nbc3 Rec8 21. Ne2 Qa3 22. Rb1 c5 23. Nxc5 Nxc5 24. dxc5 Rb2 25. Rxb2 Bxb2 26. Rb1 Rxc5 27. Qxb2 Qxd3 28. Nf4 Qe4 29. Rd1 Rb5 30. Qf6 Be6 31. Kh2 Qb4 32. Rc1 Qd6 33. Rc8+ 1-0

[Event "WJCC U20 Girls 2019"]
[Site "New Delhi"]
[Date "2019.10.15"]
[Round "1.40"]
[White "Lohani, Sujana"]
[Black "Harshita Guddanti"]
[Result "0-1"]
[ECO "E04"]
[WhiteElo "1671"]
[BlackElo "2123"]
[Annotator "NA"]
[PlyCount "26"]
[EventDate "2019.10.15"]
[EventType "swiss"]
[EventCountry "IND"]
[SourceTitle "playchess.com"]
[Source "ChessBase"]
[SourceQuality "1"]
[TimeControl "40/5400+30:1800+30"]

1. d4 Nf6 2. Nf3 e6 3. c4 d5 4. g3 dxc4 5. Bg2 Bb4+ 6. Bd2 c5 7. Bxb4 cxb4 8. Qc2 b5 9. O-O Bb7 10. Nbd2 Nc6 11. e3 Rc8 12. Rac1 Qb6 13. Ng5 Na5 0-1

[Event "WJCC U20 Girls 2019"]
[Site "New Delhi"]
[Date "2019.10.15"]
[Round "1.41"]
[White "Avetisyan, Mariam"]
[Black "Arushi Kotwal"]
[Result "1-0"]
[ECO "D85"]
[WhiteElo "2110"]
[BlackElo "1657"]
[Annotator "NA"]
[PlyCount "32"]
[EventDate "2019.10.15"]
[EventType "swiss"]
[EventCountry "IND"]
[SourceTitle "playchess.com"]
[Source "ChessBase"]
[SourceQuality "1"]
[TimeControl "40/5400+30:1800+30"]

1. d4 Nf6 2. c4 g6 3. Nc3 d5 4. cxd5 Nxd5 5. Bd2 Bg7 6. e4 Nxc3 7. Bxc3 O-O 8. Be2 Nc6 9. d5 Bxc3+ 10. bxc3 Na5 11. Qd2 c6 12. c4 cxd5 13. cxd5 b6 14. h4 Qd6 15. h5 Qe5 16. Rb1 Qa1 1-0

[Event "WJCC U20 Girls 2019"]
[Site "New Delhi"]
[Date "2019.10.15"]
[Round "1.42"]
[White "Rousseau, Christilla"]
[Black "Blazeka, Mihaela"]
[Result "0-1"]
[ECO "A45"]
[WhiteElo "1648"]
[BlackElo "2109"]
[Annotator "NA"]
[PlyCount "29"]
[EventDate "2019.10.15"]
[EventType "swiss"]
[EventCountry "IND"]
[SourceTitle "playchess.com"]
[Source "ChessBase"]
[SourceQuality "1"]
[TimeControl "40/5400+30:1800+30"]

1. d4 Nf6 2. Bf4 e6 3. e3 b6 4. Nf3 Bb7 5. h3 g6 6. Be2 Bg7 7. O-O d6 8. c4 Nbd7 9. Nc3 O-O 10. Rc1 Nh5 11. Bh2 f5 12. b4 Qe7 13. Nb5 Ndf6 14. Bxd6 cxd6 15. c5 0-1

[Event "WJCC U20 Girls 2019"]
[Site "New Delhi"]
[Date "2019.10.15"]
[Round "1.43"]
[White "Afraoui, Anaelle"]
[Black "Dahampriya, H K T Dewnethmie"]
[Result "1-0"]
[ECO "B91"]
[WhiteElo "2106"]
[BlackElo "1629"]
[Annotator "NA"]
[PlyCount "131"]
[EventDate "2019.10.15"]
[EventType "swiss"]
[EventCountry "IND"]
[SourceTitle "playchess.com"]
[Source "ChessBase"]
[SourceQuality "1"]
[TimeControl "40/5400+30:1800+30"]

1. e4 c5 2. Nf3 d6 3. d4 cxd4 4. Nxd4 Nf6 5. Nc3 a6 6. g3 e5 7. Nde2 Be7 8. Bg2 Nc6 9. a4 O-O 10. O-O b6 11. h3 Bb7 12. g4 Rc8 13. Ng3 Nd4 14. Be3 Ne6 15. Nf5 Re8 16. g5 Nd7 17. Nxd6 Bxd6 18. Qxd6 Rc6 19. Qd2 Qc8 20. Rfd1 Ndf8 21. Rac1 Ng6 22. Nd5 b5 23. a5 Nef4 24. Nxf4 Nxf4 25. Bxf4 exf4 26. Qxf4 Rc4 27. Qf5 Bxe4 28. Bxe4 Rcxe4 29. Qxc8 Rxc8 30. Rd6 Re6 31. Rcd1 Kf8 32. Rxe6 fxe6 33. c3 Ke7 34. Kg2 Rc4 35. Kf3 Rh4 36. Kg3 Rc4 37. Rd3 b4 38. Kf3 b3 39. Ke3 Rc5 40. f4 Rxa5 41. c4 Ra4 42. Kd4 Rb4 43. Kc3 Rb7 44. c5 a5 45. Rd4 Rb5 46. c6 Rc5+ 47. Rc4 Rxc4+ 48. Kxc4 Kd6 49. Kb5 Kc7 50. Kxa5 Kxc6 51. Kb4 Kd5 52. Kxb3 Ke4 53. Kc2 Kxf4 54. b4 Ke4 55. Kc3 Kd5 56. Kd3 h6 57. g6 h5 58. b5 h4 59. b6 Kc6 60. Ke4 Kxb6 61. Ke5 Kc5 62. Kxe6 Kd4 63. Kf7 Ke3 64. Kxg7 Kf3 65. Kh6 Kg3 66. g7 1-0

[Event "WJCC U20 Girls 2019"]
[Site "New Delhi"]
[Date "2019.10.15"]
[Round "1.44"]
[White "Abdala Cancino, Patricia Anastas"]
[Black "Dwilewicz, Katarzyna"]
[Result "0-1"]
[ECO "C54"]
[WhiteElo "1608"]
[BlackElo "2106"]
[Annotator "NA"]
[PlyCount "36"]
[EventDate "2019.10.15"]
[EventType "swiss"]
[EventCountry "IND"]
[SourceTitle "playchess.com"]
[Source "ChessBase"]
[SourceQuality "1"]
[TimeControl "40/5400+30:1800+30"]

1. e4 e5 2. Nf3 Nc6 3. Bc4 Bc5 4. c3 Nf6 5. d3 O-O 6. Bb3 a6 7. Be3 Ba7 8. Bxa7 Rxa7 9. Nbd2 d6 10. O-O Ne7 11. Nh4 d5 12. f4 exf4 13. Rxf4 Qd6 14. Qf1 Ng4 15. Qf3 Ne5 16. Qe3 Nxd3 17. Rff1 Qc5 18. Rf3 c6 0-1

[Event "WJCC U20 Girls 2019"]
[Site "New Delhi"]
[Date "2019.10.15"]
[Round "1.45"]
[White "Katkov, Michelle"]
[Black "Du Plessis, Anika"]
[Result "*"]
[ECO "B22"]
[WhiteElo "2106"]
[BlackElo "1594"]
[Annotator "NA"]
[PlyCount "34"]
[EventDate "2019.10.15"]
[EventType "swiss"]
[EventCountry "IND"]
[SourceTitle "playchess.com"]
[Source "ChessBase"]
[SourceQuality "1"]
[TimeControl "40/5400+30:1800+30"]

1. e4 c5 2. c3 Nf6 3. e5 Nd5 4. d4 cxd4 5. cxd4 d6 6. Nf3 Nc6 7. Bc4 Nb6 8. Bb5 a6 9. Bxc6+ bxc6 10. O-O g6 11. Re1 Bg7 12. Bg5 d5 13. Nc3 O-O 14. Na4 Nxa4 15. Qxa4 Bd7 16. Qa3 Re8 17. Rac1 Bf8 *